WCHLSIM.com - West Coast Hockey League
html PUBLIC "-//W3C//DTD XHTML 1.0 Transitional//EN" "http://www.w3.org/TR/xhtml1/DTD/xhtml1-transitional.dtd"> WCHL - Game 613 - WINNIPEG BEAVERS vs SEATTLE GRUNGE

WINNIPEG BEAVERS vs SEATTLE GRUNGE

Created - 11 janvier 2020 at 11:09

Goals
1 2 3 T
WINNIPEG BEAVERS 1 0 1 2
SEATTLE GRUNGE 0 1 0 1
Shots
1 2 3 T
WINNIPEG BEAVERS 15 11 15 41
SEATTLE GRUNGE 6 12 6 24

1st period

1. WINNIPEG BEAVERS , Kris Russell 3 (Troy Brouwer 5, Mike Green 5) at 6:57

Penalties :
Kevan Miller (WIN) for Holding (Minor) at 3:12, Seth Jones (SEA) for High sticking (Minor) at 16:50, Ilya Kovalchuk (WIN) for Roughing (Minor) at 16:52

2nd period

2. SEATTLE GRUNGE , Jason Zucker 11 (Chris Tierney 16, Michael Frolik 13) at 5:51

Penalties :
Semyon Varlamov (SEA) for Delaying the game (Minor) at 1:12 - Matthew Grzelcyk served the penalty., Chris Tierney (SEA) for Hooking (Minor) at 6:42, Kris Russell (WIN) for Tripping (Minor) at 15:40

3rd period

3. WINNIPEG BEAVERS , Reyley Smith 16 (Brad Marchand 33, Mika Zibanejad 17) at 8:11

Penalties :
Rasmus Dahlin (SEA) for Hooking (Minor) at 6:09

Goalie Stats

Sergei Bobrovsky (WIN), 23 saves from 24 shots - (0,958), W, 23-10-1, 60:00 minutes
Semyon Varlamov (SEA), 39 saves from 41 shots - (0,951), L, 18-10-3, 59:06 minutes

Players Stats for WINNIPEG BEAVERS

Player Name              G  A  P  +/- PIM S  H  SB GA TA FO     MP     PP MP  PK MP  
------------------------------------------------------------------------------------
Brad Marchand            0  1  1  -1  0   9  4  1  0  0  1/3    19:50   3:37   0:00 
Brandon Tanev            0  0  0   1  0   2  1  0  0  0  0/0    15:41   0:33   1:52 
David Backes             0  0  0   1  0   2  0  0  0  0  2/3    15:24   0:00   2:08 
David Krejci             0  0  0  -1  0   3  1  0  0  0  19/31  19:50   3:37   0:00 
Gustav Nyquist           0  0  0  -1  0   5  0  2  0  0  0/1    17:28   2:22   0:00 
Ilya Kovalchuk           0  0  0   0  2   1  1  0  0  0  0/1    16:34   1:48   0:00 
Justin Braun             0  0  0   1  0   0  2  0  0  0  0/0    19:31   0:33   1:31 
Kevan Miller             0  0  0   0  2   1  2  0  0  0  0/0    16:18   1:48   0:00 
Kris Russell             1  0  1   0  2   2  2  1  0  0  0/0    20:13   2:05   1:41 
Matt Cullen              0  0  0   1  0   0  0  0  0  0  3/5     6:57   0:00   2:08 
Mika Zibanejad           0  1  1   0  0   4  0  0  0  0  10/16  19:04   3:21   0:00 
Mike Green               0  1  1   0  0   1  1  1  0  0  0/0    23:10   3:54   1:15 
Nick Seeler              0  0  0   0  0   0  0  0  0  0  0/0    17:13   0:00   1:07 
Pontus Aberg             0  0  0   1  0   0  0  0  0  0  0/0     4:49   0:00   0:00 
Reyley Smith             1  0  1   0  0   4  1  0  0  0  0/0    19:27   3:37   0:00 
Travis Zajac             0  0  0   1  0   5  0  0  0  0  18/25  17:30   2:22   1:52 
Trevor Daley             0  0  0   1  0   1  0  2  0  0  0/0    20:12   0:17   2:26 
Troy Brouwer             0  1  1   1  0   1  0  0  0  0  0/0     4:49   0:00   0:00 

Players Stats for SEATTLE GRUNGE

Player Name              G  A  P  +/- PIM S  H  SB GA TA FO     MP     PP MP  PK MP  
------------------------------------------------------------------------------------
Chris Tierney            0  1  1   1  2   3  0  0  0  0  7/19   16:01   1:43   1:10 
Damon Severson           0  0  0   1  0   0  0  3  0  0  0/0    22:06   1:44   3:32 
Jason Zucker             1  0  1   1  0   3  1  0  0  0  0/1    18:47   1:43   3:52 
Jeff Skinner             0  0  0   0  0   1  2  0  0  0  0/2    14:24   2:17   0:00 
Josh Bailey              0  0  0   0  0   1  0  0  0  0  2/4    17:28   2:17   2:07 
Matthew Grzelcyk         0  0  0  -2  0   0  3  1  0  0  0/0    16:25   0:00   0:17 
Michael Frolik           0  1  1   1  0   0  1  0  0  0  4/8    18:47   1:43   3:52 
Mike Sgarbossa           0  0  0  -1  0   0  1  0  0  0  0/0    12:07   0:00   0:00 
Oskar Sundqvist          0  0  0  -1  0   1  0  0  0  0  6/15   12:04   0:00   0:26 
Rasmus Dahlin            0  0  0   1  2   2  2  2  0  0  0/0    20:53   1:44   2:20 
Roman Josi               0  0  0   0  0   1  3  2  0  0  0/0    23:12   2:16   3:53 
Seth Jones               0  0  0   0  2   2  3  0  0  0  0/0    20:03   2:16   0:09 
Steve Bernier            0  0  0  -1  0   0  3  0  0  0  0/0    11:38   0:00   0:00 
Travis Sanheim           0  0  0  -2  0   0  1  0  0  0  0/0    17:19   0:00   1:47 
Tyler Seguin             0  0  0   0  0   5  0  0  0  0  9/23   14:24   2:17   0:00 
Victor Rask              0  0  0  -1  0   0  0  0  0  0  0/2    12:07   0:00   0:00 
Vladimir Sobotka         0  0  0  -1  0   3  0  0  0  0  0/1    11:38   0:00   0:00 
Zemgus Girgensons        0  0  0  -1  0   2  2  0  0  0  4/10   12:38   0:00   0:31 

3 Stars

1 - Semyon Varlamov (SEA)
2 - Sergei Bobrovsky (WIN)
3 - Jason Zucker (SEA)

Power Play

WINNIPEG BEAVERS - 0 on 4 Attempt(s) - 0,00%
SEATTLE GRUNGE - 0 on 3 Attempt(s) - 0,00%

Penalty Kill

WINNIPEG BEAVERS - 3 on 3 Attempt(s) - 100,00% - Score 0 goal in Penalty Kill
SEATTLE GRUNGE - 4 on 4 Attempt(s) - 100,00% - Score 0 goal in Penalty Kill

Team Stat

WINNIPEG BEAVERS - Hits : 15 - Faceoff Wins : 53 - Blocked Shots : 7 - Penalty Minutes : 6
SEATTLE GRUNGE - Hits : 22 - Faceoff Wins : 32 - Blocked Shots : 8 - Penalty Minutes : 8

Official

Referees : Frederick L'Ecuyer and Brad Meier
Linesman : Pat Richardson and Johnathan Morrison

Game Notes

No Game Note

Finance

Level 1 -- Attendance: 6000 (100,00%) -- Ticket Income 630 000 $
Level 2 -- Attendance: 5000 (100,00%) -- Ticket Income 325 000 $
Level 3 -- Attendance: 2793 (93,10%) -- Ticket Income 100 548 $
Level 4 -- Attendance: 5000 (100,00%) -- Ticket Income 125 000 $
Luxury Box -- Attendance: 1000 (100,00%) -- Ticket Income 202 000 $
Total Attendance: 19793 (98,97%)
Total Ticket Income: 1 382 548 $
Other Income: 414 764 $
Total Income: 1 797 312 $

WINNIPEG BEAVERS

5 vs 5 Forward 
   Center                   Left Wing                Right Wing               Time % Phy DF OF 
 1 David Krejci             Brad Marchand            Gustav Nyquist           33     0   2  3  
 2 Mika Zibanejad           Ilya Kovalchuk           Reyley Smith             31     0   3  2  
 3 Travis Zajac             Brandon Tanev            David Backes             26     1   3  1  
 4 Matt Cullen              Troy Brouwer             Pontus Aberg             10     0   4  1  

5 vs 5 Defense 
   Defense                  Defense                                           Time % Phy DF OF 
 1 Mike Green               Kris Russell                                      32     0   3  2  
 2 Justin Braun             Trevor Daley                                      31     1   3  1  
 3 Kevan Miller             Nick Seeler                                       28     1   3  1  
 4 Mike Green               Nick Seeler                                       9      1   4  0  

PowerPlay Forward 
   Center                   Left Wing                Right Wing               Time % Phy DF OF 
 1 David Krejci             Brad Marchand            Reyley Smith             51     0   0  5  
 2 Travis Zajac             Ilya Kovalchuk           Gustav Nyquist           49     0   1  4  

PowerPlay Defense
   Defense                  Defense                                           Time % Phy DF OF 
 1 Mike Green               Mika Zibanejad                                    52     0   0  5  
 2 Kevan Miller             Kris Russell                                      48     0   1  4  

Penalty Kill 4 Players Forward 
   Center                   Wing                     Time % Phy DF OF 
 1 Travis Zajac             Brandon Tanev            52     1   3  1  
 2 David Backes             Matt Cullen              48     0   5  0  

Penalty Kill 4 Players Defense
   Defense                  Defense                  Time % Phy DF OF 
 1 Trevor Daley             Kris Russell             50     1   4  0  
 2 Justin Braun             Nick Seeler              50     1   4  0  

Penalty Kill - 3 Players Forward 
   Forward                                           Time % Phy DF OF 
 1 Travis Zajac                                      55     1   2  2  
 2 David Backes                                      45     1   2  2  

Penalty Kill - 3 Players Defense
   Defense                  Defense                  Time % Phy DF OF 
 1 Mike Green               Kris Russell             55     1   2  2  
 2 Justin Braun             Trevor Daley             45     1   2  2  

4 vs 4 Forward 
   Center                   Wing                     Time % Phy DF OF 
 1 David Krejci             Brad Marchand            51     1   2  2  
 2 Mika Zibanejad           Reyley Smith             49     1   2  2  

4 vs 4 Defense
   Defense                  Defense                  Time % Phy DF OF 
 1 Mike Green               Kris Russell             51     1   2  2  
 2 Justin Braun             Trevor Daley             49     1   2  2  

Last Minutes Offensive
   Center                   Left Wing                Right Wing               Defense                  Defense                  
   David Krejci             Brad Marchand            Reyley Smith             Mike Green               Kris Russell             

Last Minutes Defensive
   Center                   Left Wing                Right Wing               Defense                  Defense                  
   David Krejci             Brad Marchand            Reyley Smith             Justin Braun             Kris Russell             

Goaltenders
Starting : Sergei Bobrovsky         
Backup : Linus Ullmark            

Extra Forwards
Normal : Reyley Smith, Brad Marchand, David Krejci - PP : David Krejci, Brad Marchand - PK : Brad Marchand
Extra Defensemen
Normal : Mike Green, Nick Seeler, Justin Braun - PP : Justin Braun - PK : Nick Seeler, Justin Braun
Penalty Shots
Brad Marchand, David Krejci, Gustav Nyquist, Reyley Smith, Mika Zibanejad
Custom OT Lines Forwards
Brad Marchand, David Krejci, Brandon Tanev, Reyley Smith, Ilya Kovalchuk, Gustav Nyquist, Mika Zibanejad, David Backes, Travis Zajac, Matt Cullen
Custom OT Lines Defensemen
Mike Green, Kris Russell, Justin Braun, Trevor Daley, Nick Seeler

Scratches
Dominik Shine (Healthy), Griffin Reinhart (Healthy), Liam O'Brien (Healthy), Kale Kessy (Healthy), Olivier Archambault (Healthy)

SEATTLE GRUNGE

5 vs 5 Forward 
   Center                   Left Wing                Right Wing               Time % Phy DF OF 
 1 Tyler Seguin             Jeff Skinner             Josh Bailey              25     1   2  2  
 2 Chris Tierney            Jason Zucker             Michael Frolik           25     1   2  2  
 3 Oskar Sundqvist          Vladimir Sobotka         Steve Bernier            25     1   2  2  
 4 Zemgus Girgensons        Mike Sgarbossa           Victor Rask              25     1   2  2  

5 vs 5 Defense 
   Defense                  Defense                                           Time % Phy DF OF 
 1 Roman Josi               Seth Jones                                        34     1   2  2  
 2 Damon Severson           Rasmus Dahlin                                     33     1   2  2  
 3 Travis Sanheim           Matthew Grzelcyk                                  33     1   2  2  
 4 Roman Josi               Seth Jones                                        0      1   2  2  

PowerPlay Forward 
   Center                   Left Wing                Right Wing               Time % Phy DF OF 
 1 Tyler Seguin             Jeff Skinner             Josh Bailey              55     1   2  2  
 2 Chris Tierney            Jason Zucker             Michael Frolik           45     1   2  2  

PowerPlay Defense
   Defense                  Defense                                           Time % Phy DF OF 
 1 Roman Josi               Seth Jones                                        55     1   2  2  
 2 Damon Severson           Rasmus Dahlin                                     45     1   2  2  

Penalty Kill 4 Players Forward 
   Center                   Wing                     Time % Phy DF OF 
 1 Michael Frolik           Jason Zucker             55     1   2  2  
 2 Chris Tierney            Josh Bailey              45     1   2  2  

Penalty Kill 4 Players Defense
   Defense                  Defense                  Time % Phy DF OF 
 1 Roman Josi               Travis Sanheim           55     1   2  2  
 2 Damon Severson           Rasmus Dahlin            45     1   2  2  

Penalty Kill - 3 Players Forward 
   Forward                                           Time % Phy DF OF 
 1 Josh Bailey                                       55     1   2  2  
 2 Chris Tierney                                     45     1   2  2  

Penalty Kill - 3 Players Defense
   Defense                  Defense                  Time % Phy DF OF 
 1 Roman Josi               Seth Jones               55     1   2  2  
 2 Damon Severson           Rasmus Dahlin            45     1   2  2  

4 vs 4 Forward 
   Center                   Wing                     Time % Phy DF OF 
 1 Jason Zucker             Michael Frolik           55     1   2  2  
 2 Chris Tierney            Josh Bailey              45     1   2  2  

4 vs 4 Defense
   Defense                  Defense                  Time % Phy DF OF 
 1 Roman Josi               Seth Jones               55     1   2  2  
 2 Damon Severson           Rasmus Dahlin            45     1   2  2  

Last Minutes Offensive
   Center                   Left Wing                Right Wing               Defense                  Defense                  
   Tyler Seguin             Jeff Skinner             Josh Bailey              Roman Josi               Seth Jones               

Last Minutes Defensive
   Center                   Left Wing                Right Wing               Defense                  Defense                  
   Tyler Seguin             Jeff Skinner             Josh Bailey              Roman Josi               Seth Jones               

Goaltenders
Starting : Semyon Varlamov          
Backup : Carter Hutton            

Extra Forwards
Normal : Mike Sgarbossa, Victor Rask, Oskar Sundqvist - PP : Mike Sgarbossa, Victor Rask - PK : Oskar Sundqvist
Extra Defensemen
Normal : Travis Sanheim, Seth Jones, Damon Severson - PP : Travis Sanheim - PK : Roman Josi, Damon Severson
Penalty Shots
Oskar Sundqvist, Victor Rask, Chris Tierney, Josh Bailey, Jason Zucker
Custom OT Lines Forwards
Victor Rask, Mike Sgarbossa, Chris Tierney, Josh Bailey, Jason Zucker, Michael Frolik, Oskar Sundqvist, Vladimir Sobotka, Zemgus Girgensons, Steve Bernier
Custom OT Lines Defensemen
Roman Josi, Seth Jones, Damon Severson, Rasmus Dahlin, Travis Sanheim

Scratches
Yannick Weber (Healthy), J.T. Brown (Healthy), Chad Johnson (Healthy)

% Time on Ice - WINNIPEG BEAVERS

Lines # - Real PCT - Wanted PCT - Time Play
Normal Forward
1 - 31% - 33% - 15:06
2 - 31% - 31% - 14:46
3 - 28% - 26% - 13:16
4 - 10% - 10% - 4:49
Normal Defense
1 - 32% - 32% - 15:24
2 - 33% - 31% - 15:43
3 - 30% - 28% - 14:31
4 - 5% - 9% - 2:19
PP Forward
1 - 60% - 51% - 3:37
2 - 40% - 49% - 2:22
PP Defense
1 - 65% - 52% - 3:54
2 - 35% - 48% - 2:05
PK Forward
1 - 47% - 52% - 1:52
2 - 53% - 48% - 2:08
PK Defense
1 - 88% - 50% - 3:31
2 - 12% - 50% - 0:29
PK3 Forward
1 - 0% - 55%
2 - 0% - 45%
PK3 Defense
1 - 0% - 55%
2 - 0% - 45%
44 Forward
1 - 51% - 51% - 1:00
2 - 49% - 49% - 0:57
44 Defense
1 - 49% - 51% - 0:57
2 - 51% - 49% - 1:00
Last Minute Offensive  - 0:00
Last Minute Defensive  - 0:07
Total
Forward - 60:00
Defense - 60:00

% Time on Ice - SEATTLE GRUNGE

Lines # - Real PCT - Wanted PCT - Time Play
Normal Forward
1 - 25% - 25% - 11:50
2 - 26% - 25% - 12:12
3 - 24% - 25% - 11:38
4 - 25% - 25% - 12:07
Normal Defense
1 - 34% - 34% - 16:06
2 - 33% - 33% - 15:33
3 - 34% - 33% - 16:08
4 - 0% - 0% - 0:00
PP Forward
1 - 57% - 55% - 2:17
2 - 43% - 45% - 1:43
PP Defense
1 - 57% - 55% - 2:16
2 - 43% - 45% - 1:44
PK Forward
1 - 65% - 55% - 3:52
2 - 35% - 45% - 2:07
PK Defense
1 - 38% - 55% - 2:18
2 - 62% - 45% - 3:41
PK3 Forward
1 - 0% - 55%
2 - 0% - 45%
PK3 Defense
1 - 0% - 55%
2 - 0% - 45%
44 Forward
1 - 51% - 55% - 1:00
2 - 49% - 45% - 0:57
44 Defense
1 - 49% - 55% - 0:57
2 - 51% - 45% - 1:00
Last Minute Offensive  - 0:17
Last Minute Defensive  - 0:00
Total
Forward - 60:00
Defense - 60:00

Play-by-Play

1st period


0:01 of 1st period - David Krejci wins face-off versus Tyler Seguin in neutral zone.
0:37 of 1st period - Shot by Tyler Seguin.
0:37 of 1st period - Shot Blocked by Gustav Nyquist.
0:40 of 1st period - Icing by Mike Green.
0:41 of 1st period - Chris Tierney wins face-off versus David Krejci in WINNIPEG BEAVERS zone.
0:46 of 1st period - Shot by Chris Tierney.
0:46 of 1st period - Deflect By Jason Zucker.
0:46 of 1st period - Shot Misses the Net.
1:42 of 1st period - Shot by Reyley Smith.
1:42 of 1st period - Shot Misses the Net.
2:33 of 1st period - Shot by Vladimir Sobotka.
2:33 of 1st period - Stopped by Sergei Bobrovsky without a rebound.
2:34 of 1st period - Travis Zajac wins face-off versus Zemgus Girgensons in WINNIPEG BEAVERS zone.
3:12 of 1st period - Minor Penalty to Kevan Miller for Holding.
3:13 of 1st period - Tyler Seguin wins face-off versus David Backes in WINNIPEG BEAVERS zone.
3:37 of 1st period - Shot by Damon Severson.
3:37 of 1st period - Shot Misses the Net.
3:39 of 1st period - Shot by Jeff Skinner.
3:39 of 1st period - Shot Misses the Net.
4:20 of 1st period - Icing by Roman Josi.
4:21 of 1st period - David Backes wins face-off versus Chris Tierney in SEATTLE GRUNGE zone.
5:08 of 1st period - Trevor Daley is hit by Jeff Skinner and loses puck.
5:28 of 1st period - Matthew Grzelcyk is hit by Brad Marchand and loses puck.
5:47 of 1st period - Shot by Brad Marchand.
5:47 of 1st period - Stopped by Semyon Varlamov with a rebound.
6:44 of 1st period - Icing by Victor Rask.
6:45 of 1st period - Matt Cullen wins face-off versus Zemgus Girgensons in SEATTLE GRUNGE zone.
6:45 of 1st period - Matt Cullen is hit by Matthew Grzelcyk.
6:55 of 1st period - Shot by Troy Brouwer.
6:55 of 1st period - Shot Misses the Net.
6:57 of 1st period - Shot by Kris Russell.
6:57 of 1st period - Goal by Kris Russell - WINNIPEG BEAVERS : 1 - SEATTLE GRUNGE : 0.
6:58 of 1st period - David Krejci wins face-off versus Tyler Seguin in neutral zone.
7:01 of 1st period - Shot by Brad Marchand.
7:01 of 1st period - Stopped by Semyon Varlamov with a rebound.
7:09 of 1st period - Shot by Brad Marchand.
7:09 of 1st period - Shot Misses the Net.
7:11 of 1st period - Shot by Mike Green.
7:11 of 1st period - Stopped by Semyon Varlamov without a rebound.
7:12 of 1st period - Travis Zajac wins face-off versus Oskar Sundqvist in SEATTLE GRUNGE zone.
7:27 of 1st period - Shot by David Backes.
7:27 of 1st period - Stopped by Semyon Varlamov without a rebound.
7:28 of 1st period - Tyler Seguin wins face-off versus David Krejci in SEATTLE GRUNGE zone.
7:49 of 1st period - Shot by Brad Marchand.
7:49 of 1st period - Shot Misses the Net.
8:44 of 1st period - Shot by David Backes.
8:44 of 1st period - Stopped by Semyon Varlamov without a rebound.
8:45 of 1st period - Mika Zibanejad wins face-off versus Oskar Sundqvist in SEATTLE GRUNGE zone.
9:23 of 1st period - Oskar Sundqvist is hit by Justin Braun and loses puck.
9:26 of 1st period - Shot by Seth Jones.
9:26 of 1st period - Stopped by Sergei Bobrovsky without a rebound.
9:27 of 1st period - Chris Tierney wins face-off versus Travis Zajac in WINNIPEG BEAVERS zone.
9:50 of 1st period - Shot by Chris Tierney.
9:50 of 1st period - Shot Blocked by Kris Russell.
10:06 of 1st period - Shot by Brandon Tanev.
10:06 of 1st period - Shot Blocked by Matthew Grzelcyk.
11:12 of 1st period - Shot by Pontus Aberg.
11:12 of 1st period - Shot Misses the Net.
11:23 of 1st period - Off-side.
11:24 of 1st period - David Krejci wins face-off versus Oskar Sundqvist in neutral zone.
11:27 of 1st period - Oskar Sundqvist is hit by Brad Marchand and loses puck.
11:32 of 1st period - Shot by David Krejci.
11:32 of 1st period - Stopped by Semyon Varlamov with a rebound.
11:34 of 1st period - Shot by David Krejci.
11:34 of 1st period - Stopped by Semyon Varlamov without a rebound.
11:35 of 1st period - Tyler Seguin wins face-off versus Mika Zibanejad in SEATTLE GRUNGE zone.
12:04 of 1st period - Shot by Reyley Smith.
12:04 of 1st period - Shot Blocked by Rasmus Dahlin.
12:06 of 1st period - Shot by Mika Zibanejad.
12:06 of 1st period - Shot Misses the Net.
12:10 of 1st period - Shot by Ilya Kovalchuk.
12:10 of 1st period - Stopped by Semyon Varlamov without a rebound.
12:11 of 1st period - Oskar Sundqvist wins face-off versus Brad Marchand in SEATTLE GRUNGE zone.
12:13 of 1st period - Icing by Travis Sanheim.
12:14 of 1st period - Travis Zajac wins face-off versus Oskar Sundqvist in SEATTLE GRUNGE zone.
12:25 of 1st period - Shot by Brandon Tanev.
12:25 of 1st period - Deflect By Travis Zajac.
12:25 of 1st period - Shot Misses the Net.
12:47 of 1st period - Shot by Travis Zajac.
12:47 of 1st period - Stopped by Semyon Varlamov without a rebound.
12:48 of 1st period - Chris Tierney wins face-off versus David Krejci in SEATTLE GRUNGE zone.
13:07 of 1st period - Shot by Jason Zucker.
13:07 of 1st period - Shot Misses the Net.
13:09 of 1st period - Shot by Jason Zucker.
13:09 of 1st period - Stopped by Sergei Bobrovsky without a rebound.
13:10 of 1st period - Mika Zibanejad wins face-off versus Tyler Seguin in WINNIPEG BEAVERS zone.
13:10 of 1st period - Mika Zibanejad is hit by Jeff Skinner.
13:28 of 1st period - Icing by Rasmus Dahlin.
13:29 of 1st period - David Krejci wins face-off versus Tyler Seguin in SEATTLE GRUNGE zone.
13:29 of 1st period - David Krejci is hit by Rasmus Dahlin.
13:35 of 1st period - Shot by Brad Marchand.
13:35 of 1st period - Stopped by Semyon Varlamov with a rebound.
13:47 of 1st period - Josh Bailey is hit by Kris Russell and loses puck.
13:58 of 1st period - Shot by Josh Bailey.
13:58 of 1st period - Stopped by Sergei Bobrovsky with a rebound.
14:00 of 1st period - Shot by Rasmus Dahlin.
14:00 of 1st period - Stopped by Sergei Bobrovsky without a rebound.
14:01 of 1st period - Travis Zajac wins face-off versus Oskar Sundqvist in WINNIPEG BEAVERS zone.
14:01 of 1st period - Travis Zajac is hit by Steve Bernier.
14:36 of 1st period - Shot by Brandon Tanev.
14:36 of 1st period - Stopped by Semyon Varlamov without a rebound.
14:37 of 1st period - Chris Tierney wins face-off versus Mika Zibanejad in SEATTLE GRUNGE zone.
15:33 of 1st period - Shot by Zemgus Girgensons.
15:33 of 1st period - Stopped by Sergei Bobrovsky without a rebound.
15:34 of 1st period - Oskar Sundqvist wins face-off versus Gustav Nyquist in WINNIPEG BEAVERS zone.
15:38 of 1st period - Icing by Justin Braun.
15:39 of 1st period - Oskar Sundqvist wins face-off versus David Krejci in WINNIPEG BEAVERS zone.
15:59 of 1st period - Shot by Brad Marchand.
15:59 of 1st period - Stopped by Semyon Varlamov with a rebound.
16:01 of 1st period - Shot by David Krejci.
16:01 of 1st period - Shot Misses the Net.
16:03 of 1st period - Shot by Trevor Daley.
16:03 of 1st period - Stopped by Semyon Varlamov with a rebound.
16:07 of 1st period - Shot by David Krejci.
16:07 of 1st period - Shot Misses the Net.
16:09 of 1st period - Shot by Gustav Nyquist.
16:09 of 1st period - Stopped by Semyon Varlamov with a rebound.
16:11 of 1st period - Shot by David Krejci.
16:11 of 1st period - Shot Hit the Post.
16:32 of 1st period - Icing by Roman Josi.
16:33 of 1st period - Travis Zajac wins face-off versus Vladimir Sobotka in SEATTLE GRUNGE zone.
16:37 of 1st period - David Backes is hit by Roman Josi and loses puck.
16:49 of 1st period - Travis Zajac is hit by Roman Josi and loses puck.
16:50 of 1st period - Minor Penalty to Seth Jones for High sticking.
16:51 of 1st period - Michael Frolik wins face-off versus Travis Zajac in SEATTLE GRUNGE zone.
16:51 of 1st period - Michael Frolik is hit by Ilya Kovalchuk.
16:52 of 1st period - Minor Penalty to Ilya Kovalchuk for Roughing.
16:53 of 1st period - Mika Zibanejad wins face-off versus Jason Zucker in WINNIPEG BEAVERS zone.
17:40 of 1st period - Shot by Reyley Smith.
17:40 of 1st period - Shot Misses the Net.
18:00 of 1st period - Shot by Brad Marchand.
18:00 of 1st period - Shot Misses the Net.
18:08 of 1st period - Icing by Brad Marchand.
18:09 of 1st period - David Krejci wins face-off versus Josh Bailey in WINNIPEG BEAVERS zone.
19:20 of 1st period - Shot by Damon Severson.
19:20 of 1st period - Shot Misses the Net.
19:23 of 1st period - Icing by Kevan Miller.
19:24 of 1st period - Oskar Sundqvist wins face-off versus Matt Cullen in WINNIPEG BEAVERS zone.
19:30 of 1st period - Icing by Kevan Miller.
19:31 of 1st period - Matt Cullen wins face-off versus Oskar Sundqvist in WINNIPEG BEAVERS zone.
Goals for this period are 1 for WINNIPEG BEAVERS vs 0 for SEATTLE GRUNGE.
Shots for this period are 15 for WINNIPEG BEAVERS vs 6 for SEATTLE GRUNGE.

2nd period


0:01 of 2nd period - David Krejci wins face-off versus Chris Tierney in neutral zone.
0:34 of 2nd period - Shot by Chris Tierney.
0:34 of 2nd period - Stopped by Sergei Bobrovsky without a rebound.
0:35 of 2nd period - Mika Zibanejad wins face-off versus Tyler Seguin in WINNIPEG BEAVERS zone.
0:45 of 2nd period - Mika Zibanejad is hit by Travis Sanheim and loses puck.
1:12 of 2nd period - Shot by Reyley Smith.
1:12 of 2nd period - Stopped by Semyon Varlamov without a rebound.
1:12 of 2nd period - Minor Penalty to Semyon Varlamov for Delaying the game.
1:13 of 2nd period - Michael Frolik wins face-off versus David Krejci in SEATTLE GRUNGE zone.
1:27 of 2nd period - Off-side.
1:28 of 2nd period - Michael Frolik wins face-off versus Travis Zajac in neutral zone.
2:03 of 2nd period - Shot by Gustav Nyquist.
2:03 of 2nd period - Shot Misses the Net.
2:05 of 2nd period - Shot by Travis Zajac.
2:05 of 2nd period - Stopped by Semyon Varlamov without a rebound.
2:06 of 2nd period - Chris Tierney wins face-off versus David Krejci in SEATTLE GRUNGE zone.
2:12 of 2nd period - Icing by Reyley Smith.
2:13 of 2nd period - Josh Bailey wins face-off versus David Krejci in WINNIPEG BEAVERS zone.
2:30 of 2nd period - Michael Frolik is hit by David Krejci and loses puck.
2:53 of 2nd period - Shot by Brad Marchand.
2:53 of 2nd period - Stopped by Semyon Varlamov with a rebound.
3:03 of 2nd period - Jason Zucker is hit by Brad Marchand and loses puck.
3:28 of 2nd period - Shot by Brandon Tanev.
3:28 of 2nd period - Shot Misses the Net.
3:31 of 2nd period - Icing by Roman Josi.
3:32 of 2nd period - Zemgus Girgensons wins face-off versus Matt Cullen in SEATTLE GRUNGE zone.
3:48 of 2nd period - Shot by Troy Brouwer.
3:48 of 2nd period - Shot Blocked by Roman Josi.
3:50 of 2nd period - Shot by Kevan Miller.
3:50 of 2nd period - Stopped by Semyon Varlamov without a rebound.
3:51 of 2nd period - Tyler Seguin wins face-off versus Travis Zajac in SEATTLE GRUNGE zone.
3:58 of 2nd period - Icing by Rasmus Dahlin.
3:59 of 2nd period - Travis Zajac wins face-off versus Tyler Seguin in SEATTLE GRUNGE zone.
4:18 of 2nd period - Shot by Tyler Seguin.
4:18 of 2nd period - Stopped by Sergei Bobrovsky with a rebound.
4:20 of 2nd period - Shot by Damon Severson.
4:20 of 2nd period - Shot Misses the Net.
4:28 of 2nd period - Shot by Tyler Seguin.
4:28 of 2nd period - Stopped by Sergei Bobrovsky without a rebound.
4:29 of 2nd period - Chris Tierney wins face-off versus David Krejci in WINNIPEG BEAVERS zone.
4:41 of 2nd period - Icing by Mike Green.
4:42 of 2nd period - David Krejci wins face-off versus Victor Rask in WINNIPEG BEAVERS zone.
4:42 of 2nd period - David Krejci is hit by Zemgus Girgensons.
5:10 of 2nd period - Roman Josi is hit by Mike Green and loses puck.
5:37 of 2nd period - Shot by Jason Zucker.
5:37 of 2nd period - Shot Misses the Net.
5:39 of 2nd period - Shot by Michael Frolik.
5:39 of 2nd period - Shot Blocked by Brad Marchand.
5:51 of 2nd period - Shot by Jason Zucker.
5:51 of 2nd period - Goal by Jason Zucker - WINNIPEG BEAVERS : 1 - SEATTLE GRUNGE : 1.
5:52 of 2nd period - Mika Zibanejad wins face-off versus Tyler Seguin in neutral zone.
5:56 of 2nd period - Reyley Smith is hit by Matthew Grzelcyk and loses puck.
6:07 of 2nd period - Shot by Tyler Seguin.
6:07 of 2nd period - Deflect By Jeff Skinner.
6:07 of 2nd period - Stopped by Sergei Bobrovsky with a rebound.
6:17 of 2nd period - Shot by Tyler Seguin.
6:17 of 2nd period - Shot Misses the Net.
6:27 of 2nd period - Shot by Jeff Skinner.
6:27 of 2nd period - Shot Misses the Net.
6:42 of 2nd period - Minor Penalty to Chris Tierney for Hooking.
6:43 of 2nd period - Travis Zajac wins face-off versus Michael Frolik in SEATTLE GRUNGE zone.
8:11 of 2nd period - Shot by Brandon Tanev.
8:11 of 2nd period - Shot Misses the Net.
8:20 of 2nd period - Shot by Travis Zajac.
8:20 of 2nd period - Shot Blocked by Roman Josi.
9:08 of 2nd period - Pontus Aberg is hit by Steve Bernier and loses puck.
10:43 of 2nd period - Off-side.
10:44 of 2nd period - David Krejci wins face-off versus Chris Tierney in neutral zone.
10:47 of 2nd period - Shot by Brad Marchand.
10:47 of 2nd period - Shot Misses the Net.
10:51 of 2nd period - Shot by Gustav Nyquist.
10:51 of 2nd period - Stopped by Semyon Varlamov with a rebound.
10:53 of 2nd period - Shot by Brad Marchand.
10:53 of 2nd period - Stopped by Semyon Varlamov without a rebound.
10:54 of 2nd period - David Krejci wins face-off versus Josh Bailey in SEATTLE GRUNGE zone.
12:07 of 2nd period - Shot by Jason Zucker.
12:07 of 2nd period - Deflect By Chris Tierney.
12:07 of 2nd period - Stopped by Sergei Bobrovsky without a rebound.
12:08 of 2nd period - Mika Zibanejad wins face-off versus Victor Rask in WINNIPEG BEAVERS zone.
12:19 of 2nd period - Shot by Reyley Smith.
12:19 of 2nd period - Stopped by Semyon Varlamov with a rebound.
12:31 of 2nd period - Shot by Mika Zibanejad.
12:31 of 2nd period - Stopped by Semyon Varlamov without a rebound.
12:32 of 2nd period - Chris Tierney wins face-off versus David Krejci in SEATTLE GRUNGE zone.
13:05 of 2nd period - Icing by Justin Braun.
13:06 of 2nd period - Zemgus Girgensons wins face-off versus Brad Marchand in WINNIPEG BEAVERS zone.
13:44 of 2nd period - Shot by Zemgus Girgensons.
13:44 of 2nd period - Stopped by Sergei Bobrovsky without a rebound.
13:45 of 2nd period - Mika Zibanejad wins face-off versus Oskar Sundqvist in WINNIPEG BEAVERS zone.
14:00 of 2nd period - Shot by Mika Zibanejad.
14:00 of 2nd period - Stopped by Semyon Varlamov with a rebound.
14:02 of 2nd period - Shot by Mika Zibanejad.
14:02 of 2nd period - Stopped by Semyon Varlamov without a rebound.
14:03 of 2nd period - Travis Zajac wins face-off versus Chris Tierney in SEATTLE GRUNGE zone.
14:04 of 2nd period - Shot by Brandon Tanev.
14:04 of 2nd period - Shot Blocked by Damon Severson.
14:06 of 2nd period - Shot by Travis Zajac.
14:06 of 2nd period - Shot Blocked by Damon Severson.
15:15 of 2nd period - Off-side.
15:16 of 2nd period - Mika Zibanejad wins face-off versus Tyler Seguin in neutral zone.
15:25 of 2nd period - Shot by Mika Zibanejad.
15:25 of 2nd period - Deflect By Reyley Smith.
15:25 of 2nd period - Shot Misses the Net.
15:37 of 2nd period - Shot by Jeff Skinner.
15:37 of 2nd period - Shot Blocked by Mike Green.
15:39 of 2nd period - Shot by Seth Jones.
15:39 of 2nd period - Stopped by Sergei Bobrovsky with a rebound.
15:40 of 2nd period - Minor Penalty to Kris Russell for Tripping.
15:41 of 2nd period - Tyler Seguin wins face-off versus Travis Zajac in WINNIPEG BEAVERS zone.
16:06 of 2nd period - Shot by Tyler Seguin.
16:06 of 2nd period - Stopped by Sergei Bobrovsky without a rebound.
16:07 of 2nd period - Travis Zajac wins face-off versus Chris Tierney in WINNIPEG BEAVERS zone.
16:51 of 2nd period - Off-side.
16:52 of 2nd period - Travis Zajac wins face-off versus Tyler Seguin in neutral zone.
16:58 of 2nd period - Icing by Roman Josi.
16:59 of 2nd period - Tyler Seguin wins face-off versus Travis Zajac in SEATTLE GRUNGE zone.
16:59 of 2nd period - Tyler Seguin is hit by Brandon Tanev.
17:18 of 2nd period - Shot by Roman Josi.
17:18 of 2nd period - Stopped by Sergei Bobrovsky with a rebound.
17:20 of 2nd period - Shot by Jeff Skinner.
17:20 of 2nd period - Shot Misses the Net.
17:30 of 2nd period - Shot by Tyler Seguin.
17:30 of 2nd period - Stopped by Sergei Bobrovsky without a rebound.
17:31 of 2nd period - David Backes wins face-off versus Chris Tierney in WINNIPEG BEAVERS zone.
17:31 of 2nd period - David Backes is hit by Jason Zucker.
17:42 of 2nd period - Jason Zucker is hit by Kris Russell and loses puck.
17:57 of 2nd period - Shot by Oskar Sundqvist.
17:57 of 2nd period - Stopped by Sergei Bobrovsky with a rebound.
18:28 of 2nd period - Icing by Reyley Smith.
18:29 of 2nd period - Mika Zibanejad wins face-off versus Chris Tierney in WINNIPEG BEAVERS zone.
18:29 of 2nd period - Mika Zibanejad is hit by Michael Frolik.
18:53 of 2nd period - Icing by Kevan Miller.
18:54 of 2nd period - David Krejci wins face-off versus Jeff Skinner in WINNIPEG BEAVERS zone.
18:56 of 2nd period - Icing by Gustav Nyquist.
18:57 of 2nd period - Brad Marchand wins face-off versus Tyler Seguin in WINNIPEG BEAVERS zone.
19:17 of 2nd period - Shot by Josh Bailey.
19:17 of 2nd period - Shot Blocked by Gustav Nyquist.
19:34 of 2nd period - Shot by Gustav Nyquist.
19:34 of 2nd period - Stopped by Semyon Varlamov without a rebound.
19:35 of 2nd period - Travis Zajac wins face-off versus Zemgus Girgensons in SEATTLE GRUNGE zone.
19:47 of 2nd period - Icing by Seth Jones.
19:48 of 2nd period - Zemgus Girgensons wins face-off versus Mika Zibanejad in SEATTLE GRUNGE zone.
Goals for this period are 0 for WINNIPEG BEAVERS vs 1 for SEATTLE GRUNGE.
Shots for this period are 11 for WINNIPEG BEAVERS vs 12 for SEATTLE GRUNGE.

3rd period


0:01 of 3rd period - Travis Zajac wins face-off versus Chris Tierney in neutral zone.
0:22 of 3rd period - Shot by Chris Tierney.
0:22 of 3rd period - Stopped by Sergei Bobrovsky with a rebound.
0:24 of 3rd period - Shot by Roman Josi.
0:24 of 3rd period - Shot Blocked by Trevor Daley.
0:55 of 3rd period - Shot by Rasmus Dahlin.
0:55 of 3rd period - Stopped by Sergei Bobrovsky without a rebound.
0:56 of 3rd period - David Krejci wins face-off versus Zemgus Girgensons in WINNIPEG BEAVERS zone.
0:56 of 3rd period - Brad Marchand is hit by Zemgus Girgensons and loses puck.
1:04 of 3rd period - Mike Green is hit by Mike Sgarbossa and loses puck.
1:32 of 3rd period - Shot by Brad Marchand.
1:32 of 3rd period - Shot Misses the Net.
1:34 of 3rd period - Shot by David Krejci.
1:34 of 3rd period - Shot Misses the Net.
1:36 of 3rd period - Shot by Kris Russell.
1:36 of 3rd period - Stopped by Semyon Varlamov without a rebound.
1:37 of 3rd period - Oskar Sundqvist wins face-off versus Mika Zibanejad in SEATTLE GRUNGE zone.
1:56 of 3rd period - Shot by Mika Zibanejad.
1:56 of 3rd period - Shot Misses the Net.
2:28 of 3rd period - Icing by Nick Seeler.
2:29 of 3rd period - Tyler Seguin wins face-off versus Mika Zibanejad in WINNIPEG BEAVERS zone.
2:40 of 3rd period - Off-side.
2:41 of 3rd period - David Krejci wins face-off versus Chris Tierney in neutral zone.
2:55 of 3rd period - David Krejci is hit by Rasmus Dahlin and loses puck.
3:53 of 3rd period - Shot by Travis Zajac.
3:53 of 3rd period - Stopped by Semyon Varlamov with a rebound.
4:13 of 3rd period - Shot by Brandon Tanev.
4:13 of 3rd period - Stopped by Semyon Varlamov without a rebound.
4:14 of 3rd period - Zemgus Girgensons wins face-off versus Mika Zibanejad in SEATTLE GRUNGE zone.
4:20 of 3rd period - Travis Sanheim is hit by Kevan Miller and loses puck.
5:14 of 3rd period - Shot by David Krejci.
5:14 of 3rd period - Deflect By Gustav Nyquist.
5:14 of 3rd period - Shot Misses the Net.
5:16 of 3rd period - Shot by David Krejci.
5:16 of 3rd period - Stopped by Semyon Varlamov without a rebound.
5:17 of 3rd period - Travis Zajac wins face-off versus Oskar Sundqvist in SEATTLE GRUNGE zone.
6:00 of 3rd period - Shot by Travis Zajac.
6:00 of 3rd period - Stopped by Semyon Varlamov without a rebound.
6:01 of 3rd period - David Krejci wins face-off versus Tyler Seguin in SEATTLE GRUNGE zone.
6:02 of 3rd period - Shot by Brad Marchand.
6:02 of 3rd period - Shot Blocked by Rasmus Dahlin.
6:04 of 3rd period - Shot by Gustav Nyquist.
6:04 of 3rd period - Shot Misses the Net.
6:08 of 3rd period - Shot by Brad Marchand.
6:08 of 3rd period - Shot Blocked by Damon Severson.
6:09 of 3rd period - Minor Penalty to Rasmus Dahlin for Hooking.
6:10 of 3rd period - David Krejci wins face-off versus Michael Frolik in SEATTLE GRUNGE zone.
6:29 of 3rd period - Shot by Brad Marchand.
6:29 of 3rd period - Stopped by Semyon Varlamov with a rebound.
6:31 of 3rd period - Shot by Reyley Smith.
6:31 of 3rd period - Stopped by Semyon Varlamov without a rebound.
6:32 of 3rd period - Travis Zajac wins face-off versus Michael Frolik in SEATTLE GRUNGE zone.
7:06 of 3rd period - Shot by Travis Zajac.
7:06 of 3rd period - Stopped by Semyon Varlamov without a rebound.
7:07 of 3rd period - Josh Bailey wins face-off versus David Krejci in SEATTLE GRUNGE zone.
7:07 of 3rd period - Josh Bailey is hit by Reyley Smith.
7:16 of 3rd period - Icing by Mika Zibanejad.
7:17 of 3rd period - Michael Frolik wins face-off versus David Krejci in WINNIPEG BEAVERS zone.
7:18 of 3rd period - Shot by Jason Zucker.
7:18 of 3rd period - Stopped by Sergei Bobrovsky without a rebound.
7:19 of 3rd period - David Krejci wins face-off versus Michael Frolik in WINNIPEG BEAVERS zone.
7:24 of 3rd period - Michael Frolik is hit by Brad Marchand.
8:11 of 3rd period - Shot by Reyley Smith.
8:11 of 3rd period - Goal by Reyley Smith - WINNIPEG BEAVERS : 2 - SEATTLE GRUNGE : 1.
8:12 of 3rd period - Travis Zajac wins face-off versus Tyler Seguin in neutral zone.
8:42 of 3rd period - Tyler Seguin is hit by Justin Braun and loses puck.
9:15 of 3rd period - Shot by Vladimir Sobotka.
9:15 of 3rd period - Stopped by Sergei Bobrovsky with a rebound.
9:17 of 3rd period - Shot by Rasmus Dahlin.
9:17 of 3rd period - Shot Misses the Net.
9:19 of 3rd period - Shot by Oskar Sundqvist.
9:19 of 3rd period - Deflect By Vladimir Sobotka.
9:19 of 3rd period - Stopped by Sergei Bobrovsky without a rebound.
9:20 of 3rd period - David Krejci wins face-off versus Chris Tierney in WINNIPEG BEAVERS zone.
9:31 of 3rd period - Shot by David Krejci.
9:31 of 3rd period - Shot Misses the Net.
9:33 of 3rd period - Shot by Brad Marchand.
9:33 of 3rd period - Stopped by Semyon Varlamov without a rebound.
9:34 of 3rd period - Mika Zibanejad wins face-off versus Zemgus Girgensons in SEATTLE GRUNGE zone.
9:39 of 3rd period - Shot by Ilya Kovalchuk.
9:39 of 3rd period - Deflect By Reyley Smith.
9:39 of 3rd period - Shot Misses the Net.
9:41 of 3rd period - Shot by Reyley Smith.
9:41 of 3rd period - Shot Misses the Net.
9:43 of 3rd period - Shot by Kevan Miller.
9:43 of 3rd period - Shot Misses the Net.
10:46 of 3rd period - Off-side.
10:47 of 3rd period - Oskar Sundqvist wins face-off versus Travis Zajac in neutral zone.
10:55 of 3rd period - Icing by Justin Braun.
10:56 of 3rd period - Travis Zajac wins face-off versus Chris Tierney in WINNIPEG BEAVERS zone.
11:34 of 3rd period - Brandon Tanev is hit by Seth Jones and loses puck.
11:50 of 3rd period - Off-side.
11:51 of 3rd period - David Krejci wins face-off versus Tyler Seguin in neutral zone.
12:26 of 3rd period - Icing by Kris Russell.
12:27 of 3rd period - David Krejci wins face-off versus Oskar Sundqvist in WINNIPEG BEAVERS zone.
12:27 of 3rd period - Brad Marchand is hit by Steve Bernier and loses puck.
13:22 of 3rd period - Reyley Smith is hit by Matthew Grzelcyk.
13:24 of 3rd period - Shot by Mika Zibanejad.
13:24 of 3rd period - Stopped by Semyon Varlamov without a rebound.
13:25 of 3rd period - Travis Zajac wins face-off versus Jeff Skinner in SEATTLE GRUNGE zone.
13:25 of 3rd period - Brandon Tanev is hit by Roman Josi.
13:37 of 3rd period - Shot by Tyler Seguin.
13:37 of 3rd period - Stopped by Sergei Bobrovsky without a rebound.
13:38 of 3rd period - Matt Cullen wins face-off versus Zemgus Girgensons in WINNIPEG BEAVERS zone.
14:11 of 3rd period - Shot by Zemgus Girgensons.
14:11 of 3rd period - Shot Misses the Net.
17:07 of 3rd period - Shot by Brandon Tanev.
17:07 of 3rd period - Deflect By David Backes.
17:07 of 3rd period - Shot Misses the Net.
17:37 of 3rd period - Shot by Troy Brouwer.
17:37 of 3rd period - Stopped by Semyon Varlamov without a rebound.
17:38 of 3rd period - David Krejci wins face-off versus Tyler Seguin in SEATTLE GRUNGE zone.
17:39 of 3rd period - Shot by Brad Marchand.
17:39 of 3rd period - Shot Misses the Net.
17:41 of 3rd period - Shot by Brad Marchand.
17:41 of 3rd period - Stopped by Semyon Varlamov with a rebound.
17:43 of 3rd period - Shot by Gustav Nyquist.
17:43 of 3rd period - Stopped by Semyon Varlamov without a rebound.
17:44 of 3rd period - Tyler Seguin wins face-off versus Ilya Kovalchuk in SEATTLE GRUNGE zone.
17:44 of 3rd period - Jeff Skinner is hit by Kevan Miller and loses puck.
18:00 of 3rd period - Reyley Smith is hit by Seth Jones and loses puck.
18:15 of 3rd period - Shot by Tyler Seguin.
18:15 of 3rd period - Shot Misses the Net.
18:34 of 3rd period - Mika Zibanejad is hit by Seth Jones and loses puck.
18:53 of 3rd period - Shot by Gustav Nyquist.
18:53 of 3rd period - Stopped by Semyon Varlamov without a rebound.
18:54 of 3rd period - Travis Zajac wins face-off versus Chris Tierney in SEATTLE GRUNGE zone.
19:01 of 3rd period - SEATTLE GRUNGE, Semyon Varlamov is pulled from the net.
19:32 of 3rd period - Shot by Jason Zucker.
19:32 of 3rd period - Shot Misses the Net.
19:34 of 3rd period - Shot by Chris Tierney.
19:34 of 3rd period - Shot Misses the Net.
19:36 of 3rd period - Shot by Michael Frolik.
19:36 of 3rd period - Shot Blocked by Trevor Daley.
19:38 of 3rd period - Shot by Travis Sanheim.
19:38 of 3rd period - Shot Misses the Net.
19:52 of 3rd period - Icing by Jeff Skinner.
19:53 of 3rd period - Semyon Varlamov from SEATTLE GRUNGE was sent back in the game.
19:53 of 3rd period - Tyler Seguin wins face-off versus David Krejci in SEATTLE GRUNGE zone.
19:58 of 3rd period - SEATTLE GRUNGE, Semyon Varlamov is pulled from the net.
Goals for this period are 1 for WINNIPEG BEAVERS vs 0 for SEATTLE GRUNGE.
Shots for this period are 15 for WINNIPEG BEAVERS vs 6 for SEATTLE GRUNGE.


SEBASTIAN
AHO
MARK
SCHEIFELE
JAKE
OETTINGER

EAST COAST

HOCKEY LEAGUE

  • 17.QUE3CHI2
  • 18.CHA2LIM4
  • 19.TRV3LON2
  • 20.CHW1BAL2
  • 21.PITMAN
  • 22.ATLNHW
  • 23.WORPET
  • 24.RHI